 Dungeon Crawl Stone Soup version 0.30-a0-586-g23e55c9e0a (webtiles) character file.

Game seed: 3811531221333947075

53 omnomnOMINOUS the Conjurer (level 3, -8/23 HPs)
             Began as an Octopode Wanderer on Jan 4, 2023.
             Succumbed to Terence's poison
             ... on level 3 of the Dungeon.
             The game lasted 00:04:50 (2090 turns).

omnomnOMINOUS the Conjurer (Octopode Wanderer)      Turns: 2090, Time: 00:04:51

Health: -8/23      AC:  1    Str:  9    XL:     3   Next: 87%
Magic:  5/5        EV: 13    Int: 16    God:
Gold:   139        SH:  0    Dex: 26    Spells: 3/5 levels left

rFire   + . .      SeeInvis .    a - +5 whip of Cowardice {venom, Dex+7}
rCold   . . .      Faith    +    (no shield)
rNeg    + . .      Spirit   .    c - +0 hat
rPois   .          Reflect  .    k - amulet of faith
rElec   .          Harm     .    f - +6 ring of dexterity
rCorr   .          Rampage  .    m - ring of protection from fire
Will    .....                    v - ring of positive energy
Stlth   +++                      (no ring)
HPRegen 0.23/turn                (no ring)
MPRegen 0.09/turn                (no ring)
                                 (no ring)
                                 (no ring)

@: lethally poisoned (-8 -> -46)
A: almost no armour, amphibious, 8 rings, camouflage 1, gelatinous body 1,
(nimble swimmer 1), tentacles
a: no special abilities


You were on level 3 of the Dungeon.
You visited 1 branch of the dungeon, and saw 3 of its levels.

You collected 139 gold pieces.

Inventory:

Hand Weapons
 a - the +5 whip of Cowardice (weapon) {venom, Dex+7}
   (You found it on level 2 of the Dungeon)

   It poisons the flesh of those it strikes.
   Dex:       It affects your dexterity (+7).
 b - the +6 dagger of the Moth {holy, Fly rPois Will- Str+4}
   (You found it on level 3 of the Dungeon)

   It has been blessed by the Shining One to cause great damage to the undead
   and demons.
   Str:       It affects your strength (+4).
   rPois:     It protects you from poison.
   Fly:       It grants you flight.
   Will:      It decreases your willpower.
Armour
 c - a +0 hat (worn)
Magical Staves
 t - a staff of poison
Jewellery
 f - a +6 ring of dexterity (left tentacle)
 k - an amulet of faith (around mantle)
 m - a ring of protection from fire (right tentacle)
 v - a ring of positive energy (on tentacle)
Scrolls
 d - 3 scrolls of noise {unknown}
 g - a scroll of identify {unknown}
 i - 2 scrolls of immolation {unknown}
 j - a scroll of fog {unknown}
 o - a scroll of fear
 q - a scroll of torment {unknown}
 s - a scroll of teleportation {unknown}
 w - a scroll of amnesia {unknown}
Potions
 e - a potion of attraction {unknown}
 h - a potion of invisibility {unknown}
 l - a potion of magic
 n - 2 potions of might {unknown}
 p - a potion of degeneration {unknown}
 r - 2 potions of resistance {unknown}
 u - a potion of haste {unknown}


   Skills:
 + Level 1.2 Fighting
 + Level 1.2 Dodging
 - Level 1.3 Stealth
 + Level 1.6 Spellcasting
 * Level 3.7 Conjurations
 - Level 3.0 Translocations
 - Level 2.1 Evocations


You had 3 spell levels left.
You knew the following spells:

 Your Spells              Type           Power      Damage    Failure   Level
a - Magic Dart            Conj           52%        1d5       4%          1
b - Apportation           Tloc           20%        N/A       6%          1

Your spell library contained the following spells:

 Spells                   Type           Power      Damage    Failure   Level
 Kiss of Death            Conj/Necr      28%        2d7       10%         1
 Teleport Other           Tloc           10%        N/A       19%         3
 Hailstorm                Conj/Ice       7%         3d4       30%         3
 Ozocubu's Refrigeration  Ice            0%         4d7       100%        7
 Dragon's Call            Summ           0%         N/A       100%        9


Dungeon Overview and Level Annotations

Branches:
Dungeon (3/15)

Altars:
Xom

Annotations:
D:3 Terence


Innate Abilities, Weirdness & Mutations

You cannot wear most types of armour.
You are amphibious.
You can wear up to eight rings at the same time.
Your skin changes colour to match your surroundings (Stealth+).
Your rubbery body absorbs attacks. (AC +1, EV +1)
((You are camouflaged when in or above water. (Stealth+)))
You have tentacles for arms and can constrict up to eight enemies at once.


Message History

The endoplasm is moderately wounded.
The endoplasm freezes you.
You are frozen.
You hit the endoplasm.
You kill the endoplasm!
No target in view!
You start resting.
Magic restored.
r - 2 silvery potions (gained 1) As you open the door, it creaks loudly!
You hear a shout!
Terence shouts!
A rat comes into view.
Aiming: Magic Dart (safe; 4% risk of failure)
Press: ? - help, Q - select action, (/) - cycle Shift-Dir - straight line, f - Terence
Aim: Terence, wielding a +1 trident of venom and wearing a +0 chain mail (100% to hit)
The magic dart hits Terence but does no damage.
You aren't carrying any items that you can evoke.
Casting: Magic Dart (safe; 4% risk of failure)
Confirm with . or Enter, or press ? or * to list all spells.
Okay, then.
Unknown command.
Unknown command.
Terence misses you.
You hit Terence.
Terence is poisoned.
You grab Terence.
Terence is lightly wounded.
You constrict Terence, but do no damage.
Terence barely misses you.
You hit Terence.
Terence looks as sick as possible!
Terence is lightly wounded.
You constrict Terence, but do no damage.
Terence hits you with a +1 trident of venom!
You are lethally poisoned!
Terence hits you with a +1 trident of venom!
Ouch! That really hurt!
* * * LOW HITPOINT WARNING * * *
You are more poisoned.
Unknown command.
It was a potion of magic.
Magic courses through your body.
You constrict Terence.
You die...

.@g ..... ~~..~..~
.......# ~...~~.
....##.# #......
#'#.##.# #......
#.#.##.# ......
#r#.##.# .....
#@#.##.# ###....
#@#.##'#####<.....
+............#.###
#.###........#....
#.. +........#####
### #........#
#........#
#........#
########.# #.#####


You could see Terence (extremely poisoned) and a rat.

Vanquished Creatures
  An adder (D:2)
  A worm (D:2)
  3 ball pythons
  2 endoplasms
  2 giant cockroaches (D:1)
  4 goblins
  5 hobgoblins
  5 jackals
  4 kobolds (D:2)
  A quokka (D:1)
  3 bats (D:1)
  3 frilled lizards
  4 rats
38 creatures vanquished.

Notes
Turn   | Place    | Note
-------+----------+-------------------------------------------
     0 | D:1      | omnomnOMINOUS the Octopode Wanderer began the quest for the
                  | Orb.
     0 | D:1      | omnomnOMINOUS set off with the following items: a +0
                  | dagger, a scroll of fear, a +0 hat; and the following
                  | spells available to memorise: Apportation, Magic Dart, Kiss
                  | of Death, Teleport Other, Hailstorm.
     0 | D:1      | Reached XP level 1. HP: 11/11 MP: 2/2
     2 | D:1      | Learned a level 1 spell: Magic Dart
     4 | D:1      | Learned a level 1 spell: Apportation
   355 | D:1      | Reached XP level 2. HP: 18/18 MP: 0/3
   974 | D:2      | Reached XP level 3. HP: 22/22 MP: 5/5
  1043 | D:2      | Reached skill level 1 in Fighting
  1043 | D:2      | Reached skill level 1 in Dodging
  1132 | D:2      | Identified the +5 whip of Cowardice {venom, Dex+7}
  1168 | D:2      | Found a shimmering altar of Xom.
  1193 | D:2      | Got Xotecuec's Parchment of Hiemal Mustering
  1456 | D:2      | Identified the +2 helmet of Agoraphobia {rPois Str+2 Int-5
                  | Dex+4}
  1935 | D:3      | Identified the +6 dagger of the Moth {holy, Fly rPois Will-
                  | Str+4}
  1977 | D:3      | Noticed Terence
  2089 | D:3      | HP: 1/23 [Terence/+1 trident of venom (12)]
  2090 | D:3      | Succumbed to Terence's poison

Illustrated notes

Levels and vault maps discovered:
D:1:      eino_arrival_druids_welcome, layout_basic
D:2:      layout_basic, basic_altar
D:3:      cheibrodos_helix_gallery, layout_basic,
          grunt_temple_overflow_order_and_chaos_1, mainiacjoe_overflow_alcove_2,
          kennysheep_jessica_study, uniq_terence, uniq_ijyb, uniq_jessica

Skill      XL: |  1  2  3 |
---------------+----------+-----
Fighting       | 1 |  1.2
Dodging        | 1 |  1.2
Stealth        | |  1.3
Spellcasting   | |  1.6
Conjurations   | |  3.7
Translocations | |  3.0
Evocations     | |  2.1

Action                   || total
-------------------------++-------
Melee: Dagger            ||    52
       Tentacles         ||    14
       Constrict         ||    16
       Whip              ||    20
 Cast: Magic Dart        ||    15
  Use: Potion            ||     1
 Stab: Sleeping          ||     8
Armor: Skin              ||     9
Dodge: Dodged            ||    32

Table legend: (Time is in decaauts)
 A = Elapsed time spent in this place.
 B = Non-inter-level travel time spent in this place.
 C = Inter-level travel time spent in this place.
 D = Time resting spent in this place.
 E = Time spent auto-exploring this place.
 F = Levels seen in this place.
 G = Mean time per level.
                   A        B        C        D        E       F      G
               +--------+--------+--------+--------+--------+-----+--------+
         Total |   2089 |   2058 |     31 |    109 |   1598 |   3 |  696.3 |
       Dungeon |   2089 |   2058 |     31 |    109 |   1598 |   3 |  696.3 |
               +--------+--------+--------+--------+--------+-----+--------+

Top non-repeatable levels by time:
     D:2: 934 daAuts
     D:1: 910 daAuts
     D:3: 245 daAuts
